 Dungeon Crawl Stone Soup version 0.30-b1-2-g02819fbbbe (webtiles) character file.

Game seed: 12997563574214237226

39 qborf the Vexing (level 3, -2/26 HPs)
             Began as a Formicid Enchanter on May 14, 2023.
             Slain by a gnoll
             ... wielding a +0 whip
              (8 damage)
             ... on level 3 of the Dungeon.
             The game lasted 00:02:04 (988 turns).

qborf the Vexing (Formicid Enchanter)                Turns: 988, Time: 00:02:05

Health: -2/26      AC:  3    Str: 12    XL:     3   Next: 67%
Magic:  6/6        EV: 17    Int: 16    God:
Gold:   42         SH:  0    Dex: 14    Spells: 5/7 levels left

rFire   + . .        a - +1 dagger
rCold   . . .        (no shield)
rNeg    . . .        b - +0 robe
rPois   .            (helmet unavailable)
rElec   .            j - +0 cloak
rCorr   .            (no gloves)
SInv    +            (no boots)
Will    .....        (no amulet)
Stlth   +++          e - +5 ring of evasion
HPRegen 0.24/turn    f - ring of protection from fire
MPRegen 0.10/turn

%: no passive effects
@: invisible
A: permanent stasis, dig shafts and tunnels, antennae 3, four strong arms
a: Dig, Shaft Self


You were on level 3 of the Dungeon.
You visited 1 branch of the dungeon, and saw 3 of its levels.

You collected 42 gold pieces.

Inventory:

Hand Weapons
 a - a +1 dagger (weapon)
Missiles
 g - 7 poisoned darts
Armour
 b - a +0 robe (worn)
 j - a +0 cloak (worn)
Jewellery
 e - a +5 ring of evasion (left hand)
 f - a ring of protection from fire (right hand)
Scrolls
 d - a scroll of identify {unknown}
 h - a scroll of silence {unknown}
Potions
 c - 3 potions of invisibility


   Skills:
 + Level 1.1 Fighting
 + Level 1.5 Short Blades
 - Level 1.7 Dodging
 + Level 4.0 Stealth
 + Level 2.5 Spellcasting
 * Level 4.3 Hexes


You had 5 spell levels left.
You knew the following spells:

 Your Spells              Type           Power      Damage    Failure   Level
a - Ensorcelled Hibernat  Hex/Ice        16%        N/A       12%         2

Your spell library contained the following spells:

 Spells                   Type           Power      Damage    Failure   Level
 Confusing Touch          Hex            15%        N/A       10%         3
 Tukima's Dance           Hex            15%        N/A       10%         3
 Dazzling Flash           Conj/Hex       16%        N/A       24%         3
 Arcjolt                  Conj/Air       1%         1d11      99%         5
 Plasma Beam              Fire/Air       1%         2x1d12    100%        6
 Vhi's Electric Charge    Tloc/Air       Unusable   N/A       N/A         3

Dungeon Overview and Level Annotations

Branches:
Dungeon (3/15)

Altars:
Fedhas

Annotations:
D:2 Terence


Innate Abilities, Weirdness & Mutations

You cannot be hasted, slowed, berserked, paralysed or teleported.
You can dig through walls and to a lower floor.
You have a pair of large antennae on your head. (SInv)
Your four strong arms can wield two-handed weapons with a shield.


Message History

The gnoll throws a throwing net.
The throwing net hits you.
You become entangled in the net!
You see here a throwing net.
You struggle against the net.
A gnoll comes into view. It is wielding a +0 whip.
You struggle against the net.
A gnoll comes into view. It is wielding a +0 whip.
Terence barely misses you.
You struggle against the net.
The gnoll shouts!
A ball python comes into view.
A gnoll comes into view. It is wielding a +0 whip.
Terence hits you with a +0 flail!
You struggle against the net.
Terence closely misses you.
You struggle against the net.
Terence closely misses you.
The ball python hisses angrily.
You rip the net and break free!
The ball python misses you. The ball python grabs you.
The ball python constricts you.
A hobgoblin comes into view.
Terence hits you with a +0 flail!
Ouch! That really hurt!
* * * LOW HITPOINT WARNING * * *
You escape the ball python's grasp.
The ball python completely misses you. The ball python closely misses you.
There is a stone staircase leading down here.
The ball python misses you. The ball python closely misses you.
The gnoll hits you with a +0 flail.
* * * LOW HITPOINT WARNING * * *
The gnoll misses you.
You climb downwards.
Found a scroll labelled YQIECA QINGANTURO.
Found an escape hatch in the ceiling.
There is a stone staircase leading up here.
It was a potion of curing.
You feel better. The ball python bites you.
* * * LOW HITPOINT WARNING * * *
The ball python misses you. The gnoll closely misses you. x2
The ball python closely misses you. The ball python completely misses you.
You fade into invisibility!
The gnoll hits you with a +0 whip!
You die...

. #..
..#########....
..<...Sg.......
#@g......
........#......
.######.. ##...
##.. # ..# ?.#
#.. .g.


You could see 2 gnolls, a goblin (asleep) and a ball python (unable to see you).

Vanquished Creatures
  2 dart slugs
  A ball python (D:2)
  3 bats (D:1)
  3 endoplasms (D:1)
  3 giant cockroaches (D:1)
  6 goblins
  5 hobgoblins
  2 jackals (D:1)
  A frilled lizard (D:2)
  A kobold (D:1)
  A rat (D:1)
28 creatures vanquished.

Notes
Turn   | Place    | Note
-------+----------+-------------------------------------------
     0 | D:1      | qborf the Formicid Enchanter began the quest for the Orb.
     0 | D:1      | Reached XP level 1. HP: 13/13 MP: 3/3
   126 | D:1      | Reached XP level 2. HP: 19/20 MP: 5/5
   135 | D:1      | Learned a level 2 spell: Ensorcelled Hibernation
   346 | D:1      | Reached XP level 3. HP: 20/25 MP: 6/6
   488 | D:1      | Reached skill level 1 in Fighting
   953 | D:2      | Found a blossoming altar of Fedhas.
   976 | D:2      | Noticed Terence
   983 | D:2      | HP: 1/26 [Terence/+0 flail (17)]
   988 | D:3      | Slain by a gnoll

Illustrated notes

Levels and vault maps discovered:
D:1:      evilmike_arrival_fibonacci_small, layout_rooms
D:2:      layout_basic, basic_altar, serial_shops, nicolae_shop_gaudy_bauble,
          uniq_jessica, uniq_terence
D:3:      minmay_bubble_buster, layout_loops_ring, nzn_wu_jian_council_hall,
          old_standard_altar, minmay_misc_feat_ornament

Skill      XL: |  1  2  3 |
---------------+----------+-----
Hexes          | 4 |  4.3
Fighting       | 1 |  1.1
Stealth        | 4 |  4.0
Short Blades   | |  1.5
Dodging        | |  1.7
Spellcasting   | |  2.5

Action                     || total
---------------------------++-------
  Melee: Dagger            ||    98
         Punch             ||     2
   Cast: Ensorcelled Hiber ||     8
    Use: Potion            ||     2
   Stab: Sleeping          ||    10
 Armour: Robe              ||    18
  Dodge: Dodged            ||    79
